 Dungeon Crawl Stone Soup version 0.17.1-2-g5865329 (webtiles) character file.

1098 ImaNewbie the Cleaver (level 8, -8/58 HPs)
             Began as a Formicid Fighter on Jan 25, 2016.
             Was a Follower of Qazlal.
             Mangled by Starbucks's ghost (14 damage)
             ... on level 5 of the Dungeon.
             The game lasted 00:15:02 (4458 turns).

ImaNewbie the Cleaver (Formicid Fighter)            Turns: 4458, Time: 00:15:02

Health: -8/58      AC: 12    Str: 27    XL:     8   Next: 57%
Magic:  8/8        EV:  8    Int:  9    God:    Qazlal [*.....]
Gold:   215        SH: 12    Dex: 10    Spells: 0 memorised, 7 levels left

rFire  . . .     SeeInvis +     a - +1 war axe
rCold  . . .     Clarity  .     k - +3 scale mail
rNeg   . . .     SustAt   .     c - +0 shield
rPois  .         Gourm    .     (helmet unavailable)
rElec  .         Spirit   .     (no cloak)
rCorr  .         Warding  .     j - +1 pair of gloves
rMut   .         Stasis   +     (no boots)
MR     .....                    (no amulet)
Stlth  ..........               (no ring)
                                f - ring of teleportation (curse)

@: mighty, not resistant to hostile enchantments, extremely unstealthy
A: permanent stasis, dig shafts and tunnels, four strong arms, antennae 3
a: Dig, Shaft Self, Renounce Religion, Evoke Teleportation


You were on level 5 of the Dungeon.
You worshipped Qazlal.
Qazlal was aware of your devotion.
You were very hungry.

You visited 1 branch of the dungeon, and saw 5 of its levels.

You collected 215 gold pieces.

Inventory:

Hand Weapons
 a - a +1 war axe (weapon)
Missiles
 l - 2 throwing nets (quivered)
 n - 28 poisoned needles
Armour
 c - a +0 shield (worn)
 j - a +1 pair of gloves (worn)
 k - a +3 scale mail (worn)
Jewellery
 f - a cursed ring of teleportation (left hand)
Wands
 t - a wand of fireball (8)
 v - a wand of paralysis (23)
Scrolls
 g - 6 scrolls of identify
 h - 6 scrolls of enchant armour
 i - a scroll of remove curse
 p - 2 scrolls of fog
 q - a scroll of amnesia {unknown}
 y - a scroll of recharging
Potions
 d - a potion of might
 m - a potion of curing
 r - a potion of cure mutation {unknown}
 s - a potion of berserk rage {unknown}
 u - a potion of poison
 w - a potion of heal wounds {unknown}
 x - a potion of flight {unknown}
Comestibles
 b - 4 meat rations
 e - 2 bread rations
 o - 3 fruits


   Skills:
 - Level 3.2 Fighting
 + Level 9.7 Axes
 - Level 3.2 Armour
 - Level 3.6 Shields


You had 7 spell levels left.
You didn't know any spells.

Dungeon Overview and Level Annotations

Branches:
Dungeon (5/15)
 Temple: D:4-7

Altars:
Fedhas
Gozag
Kikubaaqudgha
Qazlal
Vehumet
Xom
Yredelemnul
Zin
The Shining One

Annotations:
D:5 Starbucks's ghost, novice MiFi


Innate Abilities, Weirdness & Mutations

You are under a permanent stasis effect.
You can dig through walls and to a lower floor.
Your four strong arms can wield two-handed weapons with a shield.
You have a pair of large antennae on your head (SInv).


Message History

* * * LOW HITPOINT WARNING * * *
You feel sick. You block the orc's attack.
Drink which item? (? for menu, Esc to quit)
It was a potion of curing.
You feel better. You block the orc's attack.
Drink which item? (? for menu, Esc to quit)
You feel very mighty all of a sudden. The orc closely misses you.
You slice the orc!!
You kill the orc!
Qazlal accepts your kill.
The orc priest mumbles some strange prayers to Beogh against you.
Something smites you!
* * * LOW HITPOINT WARNING * * *
You slash Starbucks's ghost!
Starbucks's ghost is lightly damaged.
You block Starbucks's ghost's attack.
You slash Starbucks's ghost!
Starbucks's ghost is moderately damaged.
Starbucks's ghost hits you!
You die...

########## #......... #
############.######## .. ####
#..........#.## #. ...
#.#######.#...#######
#.##.####.#####..##..........
#........ooW@)........##..###
#.##..##.)#####...........# #
# #..##..# #.#....##...### ..
#.W##).#####.##.#.##...... ..
#.......>........(......).
#.##.#.##.).........#.##..##.#
..###.#.#####.#####.##..##.#
#.##.#.....####.# #.##..##.# #
#)#..)....W.# #.##..##..


You could see an orc priest, Starbucks's ghost and an orc.

Vanquished Creatures
  Grinder (D:5)
  An ogre (D:4)
  An ice beast (D:3)
  2 orc priests
  A hound (D:5)
  A jelly (D:5)
  7 orc wizards
  3 worker ants
  A hound skeleton (D:4)
  11 gnolls
  A worker ant zombie (D:5)
  9 adders
  2 oozes
  2 worms (D:2)
  16 orcs
  3 ball pythons
  10 bats
  7 giant cockroaches
  8 goblins
  7 hobgoblins
  6 jackals
  2 quokkas
  A giant gecko (D:2)
  5 giant newts
  10 kobolds
  3 rats
121 creatures vanquished.

Notes
Turn   | Place    | Note
--------------------------------------------------------------
     0 | D:1      | ImaNewbie the Formicid Fighter began the quest for the Orb.
     0 | D:1      | Reached XP level 1. HP: 18/18 MP: 1/1
   217 | D:1      | Reached XP level 2. HP: 24/24 MP: 2/2
   429 | D:1      | Reached XP level 3. HP: 29/29 MP: 3/3
  1072 | D:2      | Reached skill level 4 in Axes
  1072 | D:2      | Reached XP level 4. HP: 25/35 MP: 4/4
  1452 | D:2      | Reached XP level 5. HP: 38/41 MP: 5/5
  1661 | D:2      | Found a radiant altar of Vehumet.
  1726 | D:2      | Reached skill level 5 in Axes
  1800 | D:2      | Found a glowing silver altar of Zin.
  2162 | D:3      | Found a stormy altar of Qazlal.
  2187 | D:3      | Became a worshipper of Qazlal Stormbringer
  2252 | D:3      | Found a glowing golden altar of the Shining One.
  2255 | D:3      | Found a basalt altar of Yredelemnul.
  2363 | D:3      | Found a blossoming altar of Fedhas.
  2502 | D:3      | Reached XP level 6. HP: 33/47 MP: 6/6
  2701 | D:3      | Noticed an ice beast
  2714 | D:3      | Killed an ice beast
  2714 | D:3      | Reached skill level 6 in Axes
  2731 | D:3      | You fall through a shaft!
  2809 | D:4      | Found a shimmering altar of Xom.
  2935 | D:4      | Reached * piety under Qazlal
  2935 | D:4      | Reached XP level 7. HP: 52/52 MP: 7/7
  2943 | D:4      | Reached skill level 7 in Axes
  3467 | D:3      | Found an opulent altar of Gozag.
  3606 | D:3      | Noticed an angel
  3614 | D:3      | Noticed a profane servitor
  3839 | D:4      | Reached skill level 8 in Axes
  4139 | D:4      | Reached XP level 8. HP: 51/58 MP: 8/8
  4154 | D:4      | Found an ancient bone altar of Kikubaaqudgha.
  4244 | D:5      | Entered Level 5 of the Dungeon
  4357 | D:5      | Noticed Grinder
  4367 | D:5      | Killed Grinder
  4367 | D:5      | Reached skill level 9 in Axes
  4429 | D:5      | Noticed Starbucks's ghost (novice MiFi)
  4458 | D:5      | Mangled by Starbucks's ghost

Action                   |  1- 3 |  4- 6 |  7- 9 || total
-------------------------+-------+-------+-------++-------
Melee: War axe           |    86 |   182 |   148 ||   416
 Abil: Dig               |     1 |     3 |       ||     4
  Use: Scroll            |     4 |     2 |     2 ||     8
       Potion            |     1 |       |     3 ||     4
  Eat: Chunk             |       |     7 |     4 ||    11
